 Dungeon Crawl Stone Soup version 0.16.1-30-g34a7ffa (webtiles) character file.

76 Yawgmoth the Magician (level 4, 0/30 HPs)
             Began as a Mummy Wizard on June 18, 2015.
             Slain by a jackal (2 damage)
             ... on level 2 of the Dungeon.
             The game lasted 00:09:36 (2082 turns).

Yawgmoth the Magician (Mummy Wizard)                Turns: 2082, Time: 00:09:36

Health: 0/30       AC:  2    Str: 10    XL:     4   Next: 12%
Magic:  1/11       EV: 12    Int: 18    God:
Gold:   52         SH:  0    Dex: 10    Spells: 2 memorised, 8 levels left

rFire  x . .     SeeInvis .     g - +0 mace (crush)
rCold  + . .     Clarity  .     a - +0 robe
rNeg   + + +     SustAb   +     (no shield)
rPois  ∞         Gourm    .     b - +0 hat
rElec  .         Spirit   .     (no cloak)
rCorr  .         Warding  .     (no gloves)
rMut   .         Stasis   .     (no boots)
MR     .....                    (no amulet)
Stlth  ++........               (no ring)
                                f - ring of sustain abilities

@: very slightly contaminated, not resistant to hostile enchantments, unstealthy
A: no food or potions, fire vulnerability, restore body, cold resistance 1,
negative energy resistance 3, poison resistance, torment resistance, unbreathing
a: no special abilities


You were on level 2 of the Dungeon.
You were not hungry.

You visited 1 branch of the dungeon, and saw 2 of its levels.

You collected 52 gold pieces.

Inventory:

Hand weapons
 g - a +0 mace of crushing (weapon)
Armour
 a - a +0 robe (worn)
 b - a +0 hat (worn)
Jewellery
 f - a ring of sustain abilities (left hand)
Scrolls
 d - 2 scrolls of teleportation
 e - 2 scrolls of identify {unknown}
 h - 2 scrolls of remove curse {unknown}
Books
 c - a book of Minor Magic

   Spells                             Type                      Level
   a - Magic Dart                     Conjuration                  1
   b - Blink                          Translocation                2
   c - Call Imp                       Summoning                    2
   d - Repel Missiles                 Charms/Air                   2
   e - Slow                           Hexes                        2
   f - Conjure Flame                  Conjuration/Fire             3
   g - Mephitic Cloud                 Conjuration/Poison/Air       3


   Skills:
 - Level 1.7 Dodging
 - Level 1.5 Stealth
 + Level 4.0 Spellcasting
 + Level 1.9 Conjurations
   Level 0.7 Summonings
 - Level 1.0 Translocations


You had 8 spell levels left.
You knew the following spells:

 Your Spells              Type           Power        Failure   Level  Hunger
a - Magic Dart            Conj           ##..         10%         1    N/A
b - Blink                 Tloc           N/A          14%         2    N/A

Dungeon Overview and Level Annotations

Branches:
Dungeon (2/15)

Altars:


Innate Abilities, Weirdness & Mutations

You do not eat or drink.
Your flesh is vulnerable to fire.
Your flesh is cold resistant.
You are immune to negative energy.
Your system is resistant to poisons.
You are immune to unholy pain and torment.
You can survive without breathing.


Message History

Aiming: Magic Dart
Press: ? - help, Shift-Dir - straight line, f/p - jackal
Aim: a jackal (heavily wounded)
The magic dart hits the jackal.
You kill the jackal!
You sock the jackal!
You kill the jackal!
You barely miss the jackal. The jackal closely misses you.
The jackal bites you.
* * * LOW HITPOINT WARNING * * *
You closely miss the jackal. The jackal barely misses you.
The jackal bites you.
* * * LOW HITPOINT WARNING * * *
You closely miss the jackal. The jackal bites you.
* * * LOW HITPOINT WARNING * * *
The jackal barely misses you.
You closely miss the jackal. The jackal bites you.
* * * LOW HITPOINT WARNING * * *
The jackal bites you.
You die...

## .. #.## #...
#..#####.) #%#
#..†!hh.?.. #.# #.#
#.# #h# #.# #@#
####.## #.# #.....#
###.#
#.#..#####..[####
#....##.........#
#####...............#
.†...#.........######
#####.#.#.###..#
#.###.# #.##


You could see a jackal.

Vanquished Creatures
  A hound (D:2)
  An adder (D:2)
  A worm (D:2)
  An ooze (D:1)
  A ball python (D:1)
  4 bats (D:1)
  5 goblins (D:1)
  4 hobgoblins
  A kobold (D:1)
  A giant newt (D:1)
  7 jackals
  2 rats
29 creatures vanquished.

Notes
Turn   | Place    | Note
--------------------------------------------------------------
     0 | D:1      | Yawgmoth, the Mummy Wizard, began the quest for the Orb.
     0 | D:1      | Reached XP level 1. HP: 13/13 MP: 4/4
   481 | D:1      | Reached XP level 2. HP: 19/19 MP: 3/6
   514 | D:1      | Learned a level 2 spell: Blink
  1211 | D:1      | Reached skill level 1 in Conjurations
  1465 | D:1      | Reached skill level 1 in Translocations
  1788 | D:2      | Reached XP level 3. HP: 17/24 MP: 5/8
  2068 | D:2      | Reached skill level 4 in Spellcasting
  2068 | D:2      | Reached XP level 4. HP: 21/30 MP: 0/11
  2082 | D:2      | Slain by a jackal

Action                   |  1- 3 |  4- 6 || total
-------------------------+-------+-------++-------
Melee: Mace              |    15 |    11 ||    26
       Unarmed           |     2 |       ||     2
 Cast: Magic Dart        |    72 |     2 ||    74
       Blink             |     1 |       ||     1
  Use: Scroll            |     1 |       ||     1
